AoeStats
← Twelfth

Arena

509757564Analyzed
1v1 RM · 6d ago on Sep 27, 2026· 34m 22s· 2 players
Game mode
Random Map
Map size
Tiny (2 player)
Population
200
Speed
Normal
Resources
Standard
Victory
Conquest
Starting age
Dark Age
Ending age
Imperial Age
RankedLock teamsTeams togetherTeam positionsShared explorationLock speedFull tech treeHidden civsTurbo modeCheats
Victory
Defeat
🇨🇱 Goths · Chile
896
+15
🇺🇸 Khmer · United States
882
-15
Twelfth
12:20 Feudal Age
15:04 Castle Age
13:02 Double-Bit Axe
13:37 Horse Collar
13:58 Gold Mining
16:54 Bow Saw
17:22 Husbandry
17:33 Bloodlines
19:05 Heavy Plow
20:28 Fervor
20:47 Stone Mining
21:49 Scale Barding Armor
25:36 Wheelbarrow
24:47 Town Watch
26:09 Town Patrol
29:48 Imperial Age
28:25 Forging
28:07 Fletching
29:17 Gold Shaft Mining
29:41 Hand Cart
29:09 Light Cavalry
30:29 Chain Barding Armor
30:45 Iron Casting
30:11 Cavalier
31:46 Crop Rotation
31:14 Elite Ballista Elephant
arvaro90
11:22 Feudal Age
11:22 Loom
15:05 Castle Age
13:00 Double-Bit Axe
17:00 Horse Collar
19:13 Heavy Plow
20:49 Bow Saw
26:51 Imperial Age
24:28 Gold Mining
24:54 Forging
24:44 Scale Mail Armor
25:10 Squires
24:31 Pikeman
28:01 Iron Casting
27:41 Chain Mail Armor
27:37 Anarchy
28:05 Conscription
29:10 Wheelbarrow
28:21 Town Watch
28:40 Perfusion
29:13 Elite Huskarl
30:51 Hand Cart
31:55 Two-Man Saw
Connection lost

Rejoining the realm…

Still unreachable

The connection could not be restored.

Session expired

The server has moved on; the page needs a fresh start.